AoeStats
← ronadinio

Arabia

510310916Analyzed
1v1 RM · 16h ago on Sep 30, 2026· 43m 17s· 2 players
Game mode
Random Map
Map size
Tiny (2 player)
Population
200
Speed
Normal
Resources
Standard
Victory
Conquest
Starting age
Dark Age
Ending age
Imperial Age
RankedLock teamsTeams togetherTeam positionsShared explorationLock speedFull tech treeHidden civsTurbo modeCheats
Victory
Defeat
🇺🇸 Jurchens · United States
1048
+15
🇹🇷 Burgundians · Türkiye
1033
-15
ronadinio
6:40 Loom
9:48 Feudal Age
8:43 Double-Bit Axe
19:43 Castle Age
17:40 Horse Collar
18:30 Bow Saw
18:39 Gold Mining
19:26 Heavy Plow
20:31 Wheelbarrow
20:10 Scale Barding Armor
22:59 Cavalier
31:27 Husbandry
31:40 Forging
33:34 Iron Casting
34:34 Chain Barding Armor
42:53 Hand Cart
Deeaz
6:35 Loom
8:52 Feudal Age
10:57 Double-Bit Axe
19:52 Castle Age
18:08 Horse Collar
19:04 Scale Barding Armor
19:54 Bloodlines
20:28 Forging
20:56 Bow Saw
21:57 Husbandry
23:57 Wheelbarrow
25:19 Gold Mining
26:46 Chain Barding Armor
28:02 Town Watch
30:49 Fletching
32:09 Heavy Plow
33:40 Iron Casting
34:00 Hand Cart
37:36 Imperial Age
35:15 Bodkin Arrow
37:24 Stone Mining
37:42 Elite Steppe Lancer
39:46 Blast Furnace
40:55 Plate Barding Armor
44:50 Two-Man Saw
Connection lost

Rejoining the realm…

Still unreachable

The connection could not be restored.

Session expired

The server has moved on; the page needs a fresh start.